 Dungeon Sprint DCSS version 0.30-a0-223-gcb0039aa0c (webtiles) character file.

Game seed: 10180717273020425350

10 rocky1 the Ducker (level 2, -9/23 HPs)
             Began as a Merfolk Gladiator on Oct 10, 2022.
             Mangled by Menkaure (18 damage)
             ... in the Dungeon (Sprint II: "The Violet Keep of Menkaure").
             The game lasted 00:00:47 (119 turns).

rocky1 the Ducker (Merfolk Gladiator)                Turns: 119, Time: 00:00:48

Health: -9/23      AC:  4    Str: 14    XL:     2   Next: 20%
Magic:  2/2        EV: 17    Int:  7    God:
Gold:   243        SH:  0    Dex: 15    Spells: 1/1 levels left

rFire   . . .      SeeInvis .    a - +0 long sword
rCold   . . .      Faith    .    (no shield)
rNeg    . . .      Spirit   .    b - +0 leather armour
rPois   .          Reflect  .    c - +0 helmet
rElec   .          Harm     .    (no cloak)
rCorr   .          Rampage  .    (no gloves)
Will    .....      NoTele   +    (boots currently unavailable)
Stlth   ++........               (no amulet)
HPRegen 0.23/turn                (no ring)
MPRegen 0.08/turn                (no ring)

@: very quick
A: nimble swimmer 2, mertail
a: no special abilities


You were in the Dungeon.
You visited 1 branch You collected 243 gold pieces.

Inventory:

Hand Weapons
 a - a +0 long sword (weapon)
Missiles
 d - 3 throwing nets (quivered)
 e - a javelin
Armour
 b - a +0 leather armour (worn)
 c - a +0 helmet (worn)
Scrolls
 k - a scroll of blinking
Potions
 f - a potion of curing
 g - a potion of heal wounds
 h - a potion of haste
 i - 2 potions of magic
 j - a potion of berserk rage


   Skills:
 + Level 2.8 Fighting
 * Level 4.8 Long Blades
 - Level 2.2 Throwing
 + Level 0.2 Armour
 + Level 5.2 Dodging


You had one spell level left.
You didn't know any spells.
Your spell library was empty.

Dungeon Overview and Level Annotations

Branches:
Dungeon (1/1)

Altars:

Shops:
D ?!==(:?::![[[[

Annotations:
D Menkaure


Innate Abilities, Weirdness & Mutations

You are very nimble when in or above water. (Stealth+, EV+, Speed+++)
Your lower body shifts to a powerful aquatic tail in water.


Message History

You hit the worm.
The worm is lightly wounded.
You hit the worm.
The worm is heavily wounded.
The worm misses you.
You slash the worm!
You kill the worm!
No target in view!
No target in view!
You start resting.
HP restored.
There is an open door here.
Your legs become a tail as you enter the water.
Menkaure, Prince of Dust comes into view.
Found Ranyzole's Antique Armour Shoppe and Dawekat's Jewellery Emporium.
Menkaure calls on the powers of darkness!
Your body is wracked with pain!
You slash Menkaure!
Menkaure is moderately damaged.
Menkaure closely misses you.
You hit Menkaure but do no damage.
Menkaure is moderately damaged.
Menkaure gestures at you while chanting.
Pain shoots through your body!
You are too injured to fight recklessly!
You are too injured to fight recklessly!
You are too injured to fight recklessly!
You are too injured to fight recklessly!
You barely miss Menkaure.
Menkaure is moderately damaged.
Menkaure closely misses you.
You hit Menkaure.
You tail-slap Menkaure, but do no damage.
Menkaure is moderately damaged.
Menkaure barely misses you.
You barely miss Menkaure.
Menkaure is moderately damaged.
Menkaure hits you!!
Ouch! That really hurt!
You die...

§ ### .. #~## .~
########~~#+++#+
#######~~~....
...∩.∩#~~~~M#
..∩.∩.#~~~@#
...∩..#~~~~#
∩.∩...#~~###
.∩....#~##†# #+# #
∩.∩...#~#.####.###s.#
.∩.∩..+~'##†'.<.+s#
..∩.∩.#~#..†##.###..#
▓▓▓▓###~##.###+# #
$######~~### .$.


You could see Menkaure.

Vanquished Creatures
  3 worms (D)
3 creatures vanquished.

Notes
Turn   | Place    | Note
-------+----------+-------------------------------------------
     0 | D        | rocky1 the Merfolk Gladiator began the quest for the Orb.
     0 | D        | Reached XP level 1. HP: 16/16 MP: 1/1
     1 | D        | Noticed a scorpion
     1 | D        | Noticed a scorpion
     5 | D        | Noticed a merfolk siren
    18 | D        | Reached skill level 5 in Dodging
    18 | D        | Reached XP level 2. HP: 13/23 MP: 2/2
    63 | D        | Found Mionud's Book Shoppe.
    63 | D        | Found Joisut's Distillery.
    63 | D        | Found Pioluyr's Armour Shoppe.
    63 | D        | Found Pokages's Antique Weapon Emporium.
    63 | D        | Found Yhum's Antique Armour Shoppe.
    63 | D        | Found Odiuquni's Book Emporium.
    64 | D        | Found Utimpym's Antique Armour Emporium.
    64 | D        | Found Vuidin's Book Shoppe.
    64 | D        | Found Osucwe's Magic Scroll Emporium.
    64 | D        | Found Jaffauna's Jewellery Shoppe.
    65 | D        | Found Cenaoz's Distillery.
    65 | D        | Found Fusoj's Magic Scroll Emporium.
   110 | D        | Found Ranyzole's Antique Armour Shoppe.
   110 | D        | Found Dawekat's Jewellery Emporium.
   110 | D        | Noticed Menkaure
   110 | D        | Noticed a redback
   119 | D        | Mangled by Menkaure

Illustrated notes

Levels and vault maps discovered:
D:        the_violet_keep_of_menkaure [sprint2_stairs_cluster_1,
          sprint2_shoproom, sprint2_temple, sprint2_basic_supplies,
          sprint2_obstacle_3, sprint2_obstacle_1, sprint2_obstacle_6,
          sprint2_obstacle_2, sprint2_obstacle_7, sprint2_timed_cluster_1,
          sprint2_smallroom_cluster_1, sprint2_smallroom_final_cluster_1,
          sprint2_transparent_cluster_1, sprint2_second_timed_cluster_1,
          sprint2_sniper_area_1, sprint2_heavy_combat_area_1,
          sprint2_mutation_trap_area_1, sprint2_forest_area_1,
          sprint2_light_combat_area_1, sprint2_behind_water_1,
          sprint2_near_end_vault_1]

Skill      XL: |  1 |
---------------+----+-----
Long Blades    | 4 |  4.8
Dodging        | 5 |  5.2
Fighting       | |  2.8
Throwing       | |  2.2
Armour         | |  0.2

Action                   || total
-------------------------++-------
Melee: Long sword        ||    18
       Tailslap          ||     1
Armor: Leather armour    ||     1
Dodge: Dodged            ||     9

Table legend: (Time is in decaauts)
 A = Elapsed time spent in this place.
 B = Non-inter-level travel time spent in this place.
 C = Inter-level travel time spent in this place.
 D = Time resting spent in this place.
 E = Time spent auto-exploring this place.
 F = Levels seen in this place.
 G = Mean time per level.
                   A        B        C        D        E       F      G
               +--------+--------+--------+--------+--------+-----+--------+
         Total |    119 |    119 |      0 |     70 |      0 |   1 |  119.0 |
       Dungeon |    119 |    119 |      0 |     70 |      0 |   1 |  119.0 |
               +--------+--------+--------+--------+--------+-----+--------+

Top non-repeatable levels by time:
       D: 119 daAuts
